 Dungeon Crawl Stone Soup version 0.30-a0-570-g486de37d69 (webtiles) character file.

Game seed: 6221096369292557276

70 Masnef the Shooter (level 4, -4/51 HPs)
             Began as a Barachi Hunter on Dec 29, 2022.
             Slain by Grinder (5 damage)
             ... on level 3 of the Dungeon.
             The game lasted 00:03:47 (1227 turns).

Masnef the Shooter (Barachi Hunter)                 Turns: 1227, Time: 00:03:48

Health: -4/51      AC:  3    Str: 12    XL:     4   Next: 22%
Magic:  4/4        EV: 12    Int:  9    God:
Gold:   89         SH:  0    Dex: 18    Spells: 3/3 levels left

rFire   . . .      SeeInvis .    a - +0 shortbow
rCold   . . .      Faith    .    (shield currently unavailable)
rNeg    . . .      Spirit   .    c - +0 leather armour
rPois   +          Reflect  .    (no helmet)
rElec   .          Harm     .    (no cloak)
rCorr   .          Rampage  .    (no gloves)
Will    .....                    (no boots) Stlth
                                 (no amulet)
HPRegen 0.28/turn                l - ring of poison resistance
MPRegen 0.09/turn                (no ring)

@: berserking, very quick
A: amphibious, slowness 1, strong legs 1, +LOS
a: Hop


You were on level 3 of the Dungeon.
You visited 1 branch of the dungeon, and saw 3 of its levels.

You collected 89 gold pieces.

Inventory:

Hand Weapons
 a - a +0 shortbow (weapon)
 h - a +0 sling
 j - a +0 falchion
Missiles
 d - a throwing net
 i - 11 poisoned darts
Armour
 c - a +0 leather armour (worn)
Jewellery
 l - a ring of poison resistance (left hand)
Scrolls
 b - 2 scrolls of immolation
 f - a scroll of enchant weapon {unknown}
 k - a scroll of teleportation
 n - a scroll of magic mapping {unknown}
Potions
 e - a potion of berserk rage
 g - a potion of might
 m - a potion of brilliance
 o - a potion of degeneration {unknown}


   Skills:
 - Level 2.4 Fighting
 + Level 5.6 Ranged Weapons
 - Level 2.1 Dodging
 - Level 0.8 Stealth


You had 3 spell levels left.
You didn't know any spells.
Your spell library was empty.

Dungeon Overview and Level Annotations

Branches:
Dungeon (3/15)

Altars:
Kikubaaqudgha

Shops:
D:2 =

Annotations:
D:3 Grinder


Innate Abilities, Weirdness & Mutations

You are amphibious.
You cover ground slowly.
You can hop short distances.
You have an extended range of vision and can be seen from far away.


Message History

You shoot an arrow. The arrow closely misses Grinder.
You shoot an arrow. The arrow closely misses Grinder.
Grinder says, "Make like a tree!"
Grinder gestures at you.
You suddenly lose the ability to move!
Grinder blinks!
You can move again.
You shoot an arrow.
The arrow hits Grinder but does no damage.
You shoot an arrow. The arrow hits Grinder.
Grinder is lightly wounded.
You shoot an arrow. The arrow closely misses Grinder.
You shoot an arrow. The arrow closely misses Grinder.
Grinder blinks!
Grinder gestures at you. Pain shoots through your body!
You shoot an arrow. The arrow hits Grinder.
Grinder is lightly wounded.
You shoot an arrow. The arrow hits Grinder!
Grinder is moderately wounded.
Grinder misses you.
You shoot an arrow. The arrow completely misses Grinder.
Grinder hits you.
You writhe in agony.
Grinder misses you.
You shoot an arrow. The arrow closely misses Grinder.
Grinder hits you.
You are too injured to fight recklessly!
It was a potion of berserk rage.
A red film seems to cover your vision as you go berserk!
You feel yourself moving faster!
You feel mighty! Grinder hits you!
* * * LOW HITPOINT WARNING * * *
You writhe in agony.
* * * LOW HITPOINT WARNING * * *
You are too injured to fight recklessly!
You are too injured to fight recklessly!
You are too berserk!
You are too berserk!
Really attack while wielding your +0 shortbow?
You closely miss Grinder.
Grinder is moderately wounded.
Grinder hits you!
* * * LOW HITPOINT WARNING * * *
You writhe in agony.
You die...

###### ...... ......
....... .......
#....... ##....|...
#####......... #...#@#
#...#5#####
####.........#
#....#.......#
#..†.........#
#.....#......#
#########.....########
#.....>.>....##
#.....)..))..#


You could see Grinder (resistant).

Vanquished Creatures
  2 adders
  3 orcs (D:3)
  3 ball pythons
  7 bats
  6 endoplasms
  A giant cockroach (D:2)
  A goblin (D:1)
  4 hobgoblins
  4 jackals (D:3)
  2 quokkas
  4 frilled lizards
  4 kobolds
  5 rats
46 creatures vanquished.

Notes
Turn   | Place    | Note
-------+----------+-------------------------------------------
     0 | D:1      | Masnef the Barachi Hunter began the quest for the Orb.
     0 | D:1      | Reached XP level 1. HP: 17/17 MP: 1/1
    51 | D:1      | Reached XP level 2. HP: 14/23 MP: 2/2
   588 | D:2      | Reached XP level 3. HP: 28/28 MP: 3/3
   604 | D:2      | Reached skill level 5 in Ranged Weapons
   619 | D:2      | Found Tuscheqek's One-of-a-Kind Rings.
   740 | D:2      | Found an ancient bone altar of Kikubaaqudgha.
  1170 | D:3      | Found a faded altar of an unknown god.
  1183 | D:3      | Reached XP level 4. HP: 34/34 MP: 4/4
  1210 | D:3      | Noticed Grinder
  1214 | D:3      | Paralysed by Grinder for 4 turns
  1227 | D:3      | HP: 1/51 [Grinder (9)]
  1227 | D:3      | Slain by Grinder

Illustrated notes

Levels and vault maps discovered:
D:1:      dpeg_arrival_arbitrary_c, layout_rooms, minmay_tree_intersection
D:2:      layout_basic, basic_altar, nicolae_concentric_dashed_squares_wild,
          nicolae_shop_unique_rings
D:3:      due_chaos_kobolds, layout_basic, hellmonk_ecumenical_altar_dog_temple,
          uniq_grinder

Skill      XL: |  1  2  3 |
---------------+----------+-----
Ranged Weapons | 5 |  5.6
Fighting       | |  2.4
Dodging        | |  2.1
Stealth        | |  0.8

Action                   |  1- 3 |  4- 6 || total
-------------------------+-------+-------++-------
Melee: Shortbow          |       |     1 ||     1
 Fire: Shortbow          |    88 |    22 ||   110
       Sling             |    40 |       ||    40
  Use: Scroll            |     3 |       ||     3
       Potion            |       |     1 ||     1
Armor: Leather armour    |    23 |       ||    23
Dodge: Dodged            |    56 |     2 ||    58

Table legend: (Time is in decaauts)
 A = Elapsed time spent in this place.
 B = Non-inter-level travel time spent in this place.
 C = Inter-level travel time spent in this place.
 D = Time resting spent in this place.
 E = Time spent auto-exploring this place.
 F = Levels seen in this place.
 G = Mean time per level.
                   A        B        C        D        E       F      G
               +--------+--------+--------+--------+--------+-----+--------+
         Total |   1446 |   1349 |     97 |      0 |   1064 |   3 |  482.0 |
       Dungeon |   1446 |   1349 |     97 |      0 |   1064 |   3 |  482.0 |
               +--------+--------+--------+--------+--------+-----+--------+

Top non-repeatable levels by time:
     D:2: 657 daAuts
     D:1: 583 daAuts
     D:3: 206 daAuts
